AoeStats
← Ana Catalina

Black Forest

508915973Analyzed
4v4 RM · 7d ago on Sep 24, 2026· 63m 2s· 8 players
Game mode
Random Map
Map size
Large (8 player)
Population
200
Speed
Normal
Resources
Standard
Victory
Conquest
Starting age
Dark Age
Ending age
Imperial Age
RankedLock teamsTeams togetherTeam positionsShared explorationLock speedFull tech treeHidden civsTurbo modeCheats
Victory
Defeat
🇲🇽 Danes · Mexico
701
+12
🇦🇷 Spanish · Argentina
692
+12
🇨🇱 Huns · Chile
630
+15
🇦🇷 Slavs · Argentina
628
+15
🇩🇪 Danes · Germany
733
-18
🇨🇿 Vikings · Czechia
710
-38
🇷🇴 Muisca · Romania
522
-10
🇵🇹 Italians · Portugal
464
-8
pjanic1520
6:37 Loom
Milli
0:42 Loom
13:21 Feudal Age
14:20 Double-Bit Axe
20:42 Castle Age
20:37 Bloodlines
24:03 Husbandry
25:57 Wheelbarrow
30:05 Hand Cart
29:55 Gold Mining
32:01 Scale Barding Armor
43:48 Gold Shaft Mining
43:06 Stone Mining
43:30 Bow Saw
42:47 Light Cavalry
47:26 Coinage
56:48 Imperial Age
56:49 Chain Barding Armor
56:40 Forging
62:24 Cavalier
NEKROS
0:31 Loom
13:05 Feudal Age
14:55 Wheelbarrow
14:03 Horse Collar
14:12 Double-Bit Axe
20:25 Castle Age
21:53 Hand Cart
21:41 Heavy Plow
21:57 Bow Saw
24:05 Heavy Plow
29:06 Gold Mining
29:06 Stone Mining
34:29 Imperial Age
33:05 Forging
32:55 Scale Mail Armor
33:00 Scale Barding Armor
32:57 Caravan
33:27 Coinage
35:05 Gold Shaft Mining
35:08 Iron Casting
34:48 Chain Mail Armor
35:07 Husbandry
35:17 Bloodlines
34:28 Light Cavalry
36:31 Two-Man Saw
34:54 Cavalier
35:58 Chain Barding Armor
36:49 Banking
36:29 Guilds
36:38 Paladin
38:27 Blast Furnace
40:02 Ballistics
40:45 Chemistry
41:33 Plate Barding Armor
47:57 Town Watch
55:02 Town Patrol
61:34 Spies/Treason
Alanvzqq
1:04 Loom
12:40 Feudal Age
14:06 Wheelbarrow
13:18 Double-Bit Axe
13:25 Gold Mining
13:27 Horse Collar
14:17 Stone Mining
14:24 Town Watch
21:07 Castle Age
22:06 Hand Cart
22:04 Bow Saw
21:56 Heavy Plow
24:03 Stone Shaft Mining
23:56 Caravan
32:21 Fortified Wall
33:30 Masonry
35:09 Coinage
35:13 Town Patrol
35:12 Murder Holes
35:38 Ballistics
34:47 Pikeman
35:28 Squires
35:13 Arson
37:34 Forging
37:29 Scale Barding Armor
37:25 Scale Mail Armor
37:16 Fletching
37:26 Padded Archer Armor
37:29 Inquisition
41:45 Imperial Age
38:42 Man-at-Arms
39:08 Gambesons
40:09 Iron Casting
39:54 Chain Barding Armor
41:05 Chain Mail Armor
40:45 Bodkin Arrow
41:29 Guard Tower
43:11 Banking
42:51 Guilds
45:11 Chemistry
44:42 Architecture
44:48 Keep
43:58 Arrowslits
45:37 Cavalier
46:17 Husbandry
47:24 Blast Furnace
46:59 Plate Barding Armor
46:55 Plate Mail Armor
46:25 Bracer
46:40 Leather Archer Armor
46:50 Supremacy
46:51 Conscription
46:01 Sappers
47:07 Hoardings
45:53 Elite Conquistador
46:56 Bombard Tower
46:05 Light Cavalry
46:55 Bloodlines
47:14 Paladin
47:19 Hussar
56:45 Redemption
56:36 Atonement
56:46 Fervor
57:02 Illumination
56:52 Block Printing
56:33 Herbal Medicine
56:38 Devotion
57:14 Theocracy
57:00 Heresy
57:00 Sanctity
57:23 Ring Archer Armor
57:29 Onager
57:29 Capped Ram
Djgama17
0:34 Loom
Ana Catalina
0:45 Loom
15:03 Feudal Age
15:52 Town Watch
18:05 Double-Bit Axe
19:50 Horse Collar
21:15 Stone Mining
24:07 Castle Age
22:45 Fletching
25:51 Stone Shaft Mining
25:07 Gold Mining
29:21 Ballistics
30:19 Heavy Plow
34:10 Imperial Age
32:26 Bow Saw
34:26 Forging
46:37 Elite Jomsviking
53:31 Hamask
61:11 Iron Casting
60:36 Scale Mail Armor
ӄǟʋǟ
16:54 Feudal Age
19:17 Stone Mining
19:18 Gold Mining
19:12 Horse Collar
19:23 Double-Bit Axe
65:17 Castle Age
Myslivec84
1:23 Loom
12:55 Feudal Age
16:46 Horse Collar
18:29 Gold Mining
19:09 Town Watch
20:28 Double-Bit Axe
25:46 Arson
26:26 Man-at-Arms
Connection lost

Rejoining the realm…

Still unreachable

The connection could not be restored.

Session expired

The server has moved on; the page needs a fresh start.